 Dungeon Crawl Stone Soup version 0.19.5 (webtiles) character file.

5033 Barra the Carver (level 10, -8/88 HPs)
             Began as a Minotaur Berserker on Mar 27, 2017.
             Was a High Priest of Trog.
             Mangled by a fire crab (shapeshifter) (12 damage)
             ... on level 9 of the Dungeon.
             The game lasted 00:28:57 (7364 turns).

Barra the Carver (Minotaur Berserker)               Turns: 7364, Time: 00:28:58

Health: -8/88      AC: 13    Str: 29    XL:     10   Next: 30%
Magic:  9/9        EV:  6    Int:  4    God:    Trog [*****.]
Gold:   636        SH: 17    Dex: 11    Spells: 0 memorised, 9 levels left

rFire  . . .     SeeInvis .     l - +7 Screaming Sword
rCold  . . .     Gourm    .     G - +0 chain mail
rNeg   . . .     Faith    .     t - +0 large shield
rPois  +         Spirit   .     (helmet restricted)
rElec  .         Reflect  .     i - +0 cloak
rCorr  .         Harm     .     q - +0 pair of gloves
MR     .....                    (no boots)
Stlth  ..........               (no amulet)
                                (no ring)
                                y - ring of poison resistance

@: mighty
A: retaliatory headbutt, horns 2
a: Berserk, Trog's Hand, Brothers in Arms, Burn Spellbooks, Renounce Religion


You were on level 9 of the Dungeon.
You worshipped Trog.
Trog was extremely pleased with you.
You were not hungry.

You visited 2 branches of the dungeon, and saw 10 of its levels.
You also visited: Ossuary.

You collected 636 gold pieces.

Inventory:

Hand Weapons
 f - a +1 hand axe
 l - the +7 Screaming Sword (weapon)
   (You found it on level 4 of the Dungeon)
Missiles
 F - 4 tomahawks (quivered)
Armour
 d - a +0 scale mail of magic resistance
 i - a +0 cloak (worn)
 q - a +0 pair of gloves (worn)
 t - a +0 large shield (worn)
 G - a +0 chain mail (worn)
Jewellery
 y - a ring of poison resistance (left hand)
 K - a cursed ring of teleportation {unknown}
 L - a cursed -5 ring of evasion {unknown}
 O - an uncursed amulet of magic regeneration {unknown}
 R - an uncursed ring of positive energy {unknown}
 S - a cursed -2 ring of dexterity {unknown}
Wands
 c - a wand of teleportation (2/9)
 H - a wand of lightning (4/15)
 N - a wand of digging (9/24)
 Q - a wand of lightning (6/15)
 T - a wand of confusion (17/48)
Scrolls
 g - 3 scrolls of magic mapping
 j - 3 scrolls of amnesia {unknown}
 k - 5 scrolls of identify
 m - 2 scrolls of enchant weapon
 n - 4 scrolls of recharging
 p - 3 scrolls of teleportation {unknown}
 r - 2 scrolls of fog
 s - 4 scrolls of random uselessness
 v - a scroll of blinking {unknown}
 A - a scroll of immolation {unknown}
 C - a scroll of torment {unknown}
 J - a scroll of remove curse
Potions
 e - 3 potions of agility {unknown}
 h - 3 potions of might
 o - a potion of curing {unknown}
 u - a potion of cancellation {unknown}
 x - a potion of berserk rage {unknown}
 z - 4 potions of mutation {unknown}
 B - a potion of brilliance {unknown}
 D - a potion of degeneration {unknown}
 E - a potion of resistance {unknown}
 M - 2 potions of cure mutation {unknown}
 P - a potion of flight {unknown}
Books
 U - a book of Minor Magic

   Spells                             Type                      Level
   a - Magic Dart                     Conjuration                  1
   b - Blink                          Translocation                2
   c - Call Imp                       Summoning                    2
   d - Repel Missiles                 Charms/Air                   2
   e - Slow                           Hexes                        2
   f - Conjure Flame                  Conjuration/Fire             3
   g - Mephitic Cloud                 Conjuration/Poison/Air       3
   Trog disapproves of the use of such an item.
Comestibles
 a - 4 meat rations
 w - 3 beef jerkies
 I - 3 bread rations
 V - 2 chunks of flesh


   Skills:
 * Level 8.2 Fighting
 * Level 10.2 Long Blades
 * Level 9.6 Axes
 + Level 1.0 Throwing
 * Level 6.7 Armour
 + Level 2.8 Dodging
 - Level 0.8 Stealth
 * Level 6.5 Shields


You had 9 spell levels left.
You didn't know any spells.

Dungeon Overview and Level Annotations

Branches:
Dungeon (9/15)             Temple (1/1) D:5
   Lair: D:8-11         Orc: D:9-12

Altars:
Makhleb
The Shining One


Innate Abilities, Weirdness & Mutations

You reflexively headbutt those who attack you in melee.
You have a pair of horns on your head.


Message History

The blast of flame engulfs you!
Unknown command.
You feel much better.
You are engulfed in roaring flames.
* * * LOW HITPOINT WARNING * * *
You block the fire crab's attack. The fire crab barely misses you.
You are engulfed in roaring flames.
* * * LOW HITPOINT WARNING * * *
The Screaming Sword bellows.
The fire crab is hurt by the noise.
You hear an angry buzzing noise.
The Screaming Sword shrieks like a hungry frog.
The fire crab is hurt by the noise.
You hear a bark!
You hear a shout! x2; You hear an angry buzzing noise.
You hear an angry hiss.
It was a potion of might.
You feel very mighty all of a sudden. The fire crab bites you.
* * * LOW HITPOINT WARNING * * *
You are engulfed in flames!
You die...

###############
#.............#
##>..........<.#
.......<.......#
##.....@.......#
#.....t........
#.............#
#######.#######
#..# ##.## #..#
##.#
#######.####


You could see a fire crab.

Vanquished Creatures
  The ghost of Yarinad the Chopper, a novice HuFi of Xom (D:6)
  The ghost of schorsch312 the Cleaver, a novice HOFi of Trog (D:7)
  A hornet (D:7)
  A hippogriff (D:8)
  Menkaure (D:7)
  Duvessa (D:5)
  An ice beast (D:5)
  2 orc warriors
  3 sky beasts
  A phantom (D:6)
  3 ogres
  4 centaurs
  7 bullfrogs
  Dowan (D:5)
  6 scorpions (D:4)
  3 wights (D:8)
  5 crimson imps
  3 jellies (D:8)
  A centaur zombie (D:6)
  An orc priest (D:5)
  2 centaur skeletons
  4 hounds
  3 bullfrog zombies
  2 orc wizards
  A bullfrog skeleton (D:8)
  An iguana (D:7)
  10 worker ants
  A hound skeleton (D:4)
  A howler monkey zombie (D:6)
  3 mummies (Ossuary)
  15 adders
  A howler monkey skeleton (D:7)
  2 shadow imps (D:7)
  An ooze (D:5)
  An adder zombie (Ossuary)
  A worm (D:5)
  4 adder skeletons
  5 dart slugs
  4 leopard geckos
  16 orcs
  8 bats
  9 giant cockroaches
  9 goblins
  7 hobgoblins
  6 jackals (D:2)
  5 quokkas
  A ball python (D:5)
  2 frilled lizards
  3 goblin zombies (Ossuary)
  5 hobgoblin zombies (Ossuary)
  A jackal skeleton (D:7)
  7 kobolds
  A kobold zombie (Ossuary)
  A leopard gecko zombie (D:8)
  6 quokka zombies (Ossuary)
  6 rats
  2 rat zombies (Ossuary)
204 creatures vanquished.

Notes
Turn   | Place    | Note
-------+----------+-------------------------------------------
     0 | D:1      | Barra the Minotaur Berserker began the quest for the Orb.
     0 | D:1      | Reached XP level 1. HP: 19/19 MP: 0/0
    83 | D:1      | Reached XP level 2. HP: 20/27 MP: 1/1
   483 | D:2      | Reached XP level 3. HP: 16/33 MP: 2/2
  1296 | D:2      | Reached XP level 4. HP: 34/41 MP: 3/3
  1301 | D:2      | Reached ** piety under Trog
  1366 | D:2      | Reached skill level 5 in Axes
  2192 | D:3      | Reached XP level 5. HP: 38/47 MP: 4/4
  2421 | D:3      | Reached skill level 5 in Fighting
  2568 | D:4      | Reached XP level 6. HP: 43/56 MP: 5/5
  2597 | D:4      | Reached skill level 1 in Shields
  2607 | D:4      | Reached *** piety under Trog
  2761 | D:4      | Reached XP level 7. HP: 61/61 MP: 6/6
  3682 | D:5      | Entered Level 5 of the Dungeon
  3812 | D:5      | Found a staircase to the Ecumenical Temple.
  3826 | Temple   | Entered the Ecumenical Temple
  3859 | D:5      | Found a sand-covered staircase.
  3864 | Ossuary  | Entered an ossuary
  4211 | Ossuary  | Reached **** piety under Trog
  4732 | D:5      | Noticed Duvessa
  4732 | D:5      | Noticed Dowan
  4758 | D:5      | Killed Dowan
  4758 | D:5      | Reached skill level 1 in Long Blades
  4775 | D:5      | Killed Duvessa
  4775 | D:5      | Reached skill level 2 in Long Blades
  4775 | D:5      | Reached XP level 8. HP: 31/70 MP: 7/7
  5010 | D:6      | Reached skill level 3 in Long Blades
  5074 | D:6      | Reached skill level 4 in Long Blades
  5097 | D:6      | Reached skill level 5 in Armour
  5177 | D:6      | Reached skill level 5 in Long Blades
  5294 | D:6      | Noticed Yarinad's ghost (novice HuFi)
  5302 | D:6      | Killed Yarinad's ghost
  5302 | D:6      | Reached skill level 6 in Long Blades
  5302 | D:6      | Reached XP level 9. HP: 78/78 MP: 8/8
  5516 | D:6      | Reached skill level 7 in Long Blades
  5638 | D:7      | Noticed Menkaure
  5645 | D:7      | Killed Menkaure
  6050 | D:7      | Reached skill level 1 in Throwing
  6096 | D:7      | Reached skill level 8 in Long Blades
  6362 | D:7      | Reached skill level 5 in Shields
  6379 | D:7      | Reached skill level 9 in Long Blades
  6382 | D:7      | Noticed schorsch312's ghost (novice HOFi)
  6477 | D:7      | Killed schorsch312's ghost
  6479 | D:7      | Reached XP level 10. HP: 74/88 MP: 9/9
  6490 | D:7      | Reached ***** piety under Trog
  6878 | D:8      | Reached skill level 10 in Long Blades
  7345 | D:9      | Noticed a fire crab
  7364 | D:9      | HP: 4/88 [fire crab (shapeshifter) (5)]
  7364 | D:9      | Mangled by a fire crab (shapeshifter)

Skill      XL: |  1  2  3  4  5  6  7  8  9 10 |
---------------+-------------------------------+-----
Axes           | 4 5 6 7 8 9 |  9.6
Fighting       | 4 5 6 7 8 |  8.2
Armour         | 3 4 5 6 |  6.7
Shields        | 2 3 4 5 6 |  6.5
Long Blades    | 2 6 9 10 | 10.2
Throwing       | 1 |  1.0
Dodging        | |  2.8
Stealth        | |  0.8

Action                   |  1- 3 |  4- 6 |  7- 9 | 10-12 || total
-------------------------+-------+-------+-------+-------++-------
Melee: Hand axe          |    77 |   146 |   107 |       ||   330
       Headbutt          |     9 |    26 |    53 |    16 ||   104
       Double sword      |       |       |   147 |    68 ||   215
Throw: Tomahawk          |       |       |     7 |       ||     7
Invok: Berserk           |       |     1 |     3 |       ||     4
       Trog's Hand       |       |       |     1 |       ||     1
  Use: Scroll            |     1 |     3 |     8 |       ||    12
       Potion            |       |       |     1 |     2 ||     3
 Stab: Held in net/web   |       |     1 |       |       ||     1
  Eat: Chunk             |     1 |     3 |     3 |     2 ||     9
       Beef jerky        |       |     1 |       |       ||     1
       Pizza             |       |     1 |       |       ||     1
       Bread ration      |       |       |     2 |       ||     2
       Meat ration       |       |       |     1 |       ||     1
Armor: Animal skin       |     3 |       |       |       ||     3
       Leather armour    |    10 |    10 |       |       ||    20
       Chain mail        |       |    50 |    98 |    19 ||   167
Dodge: Dodged            |    33 |    30 |    30 |    13 ||   106
Block: Buckler           |     1 |     3 |       |       ||     4
       Large shield      |       |    70 |   160 |    60 ||   290
       Rpst.: Double sword |       |       |     3 |     3 ||     6
